Map: Blueshift LE

Players

JonSnow - Winner!

  • Race: Zerg Zerg
  • Spawn Location: 7:00

Stephano

  • Race: Zerg Zerg
  • Spawn Location: 1:00

Event: WCS Montreal 2018

VOD

Have the link to the VOD?

Description

Time

  • Played on: Sept. 7, 2018, 1:52 p.m.
  • Length: 8:46

All games in this series

Show
View Real Time Build Order
Export as new Build Order

JonSnow Zerg - Winner!

Build Orders: Hatch First 

Get SALT Encoding   

  12  0:00  Drone  
  13  0:12  Overlord  
  13  0:17  Drone  
  14  0:31  Drone x2  
  16  0:36  Drone  
  17  0:52  Hatchery  
  17  0:55  Drone  
  17  1:01  Extractor  
  16  1:05  Drone  
  17  1:14  Spawning Pool  
  17  1:16  Drone  
  17  1:24  Drone  
  18  1:28  Drone  
  19  1:40  Drone  
  20  1:51  Overlord  
  20  2:00  Queen  
  22  2:03  Zergling x2  
  22  2:04  Zergling x2, Queen  
  22  2:07  Metabolic Boost  
  26  2:13  Drone  
  28  2:15  Drone  
  29  2:22  Zergling x2  
  29  2:26  Drone  
  30  2:33  Drone  
  31  2:37  Drone  
  31  2:41  Baneling Nest  
  31  2:47  Hatchery  
  30  3:00  Zergling x8  
  30  3:05  Zergling x2  
  35  3:11  Overlord  
  35  3:24  Overlord  
  35  3:27  Baneling x3  
  35  3:29  Queen  
  37  3:35  Drone x5  
  37  3:40  Drone  
  43  3:53  Overlord  
  43  3:54  Drone  
  43  3:55  Drone x4  
  46  3:58  Drone  
  47  4:03  Extractor  
  47  4:04  Zergling x2  
  47  4:07  Zergling x4, Evolution Chamber  
  48  4:10  Baneling  
  48  4:11  Baneling x2  
  48  4:15  Zergling x2  
  48  4:16  Drone  
  48  4:17  Drone  
  51  4:20  Drone  
  51  4:22  Drone  
  52  4:24  Extractor  
  52  4:31  Overlord  
  51  4:34  Drone  
  51  4:36  Overlord  
  51  4:37  Zerg Missile Weapons Level 1  
  52  4:46  Overlord  
  52  4:55  Drone  
  52  4:56  Drone x8  
  61  5:00  Drone x2  
  61  5:05  Roach Warren  
  62  5:07  Extractor  
  60  5:16  Overlord  
  57  5:43  Overlord  
  57  5:44  Roach x12  
  57  5:45  Roach  
  57  5:48  Roach  
  85  5:51  Roach  
  87  5:58  Roach  
  87  6:00  Overlord x2  
  89  6:06  Roach x3  
  89  6:10  Baneling  
  89  6:11  Roach  
  97  6:13  Overlord  
  97  6:20  Roach x2  
  97  6:22  Zergling x8  
  97  6:23  Zergling x2  
  106  6:30  Baneling x3  
  106  6:31  Overlord  
  105  6:33  Ravager x4  
  105  6:35  Zergling x4  
  105  6:37  Ravager  
  112  6:44  Zergling x2  
  112  6:45  Zergling x8  
  111  6:56  Zergling x14  
  111  7:01  Zergling x2  
  115  7:07  Lair  
  108  7:09  Zergling x10  
  108  7:13  Zergling x6  
  115  7:21  Roach  
  115  7:22  Roach x3  
  100  7:30  Roach x3  
  102  7:40  Drone x4  
  102  7:41  Drone x3  
  101  7:44  Drone x2  
  101  7:45  Drone  
  101  7:47  Drone  
  101  7:48  Drone  
  98  7:58  Roach x3  
  94  8:07  Roach x2  
  94  8:08  Roach x3  
  102  8:13  Roach  
  100  8:21  Roach x2  
  103  8:30  Extractor  
  120  8:39  Spire  
Show
View Real Time Build Order
Export as new Build Order

Stephano Zerg 

Build Orders: Hatch First 

Get SALT Encoding   

  12  0:00  Drone  
  13  0:13  Overlord  
  13  0:18  Drone  
  14  0:31  Drone x2  
  16  0:49  Hatchery  
  15  0:51  Drone  
  15  0:54  Drone  
  17  0:57  Drone  
  18  1:08  Extractor  
  17  1:13  Spawning Pool  
  17  1:16  Drone  
  17  1:19  Drone  
  18  1:28  Drone  
  19  1:42  Drone  
  20  1:51  Drone  
  21  2:00  Queen x2  
  25  2:01  Drone  
  25  2:02  Overlord  
  26  2:11  Drone  
  26  2:14  Zergling x2  
  26  2:15  Metabolic Boost  
  28  2:27  Hatchery  
  27  2:31  Zergling x2  
  27  2:33  Drone  
  29  2:39  Queen  
  31  2:45  Baneling Nest  
  31  2:47  Drone  
  31  2:53  Overlord  
  31  2:56  Zergling x2  
  32  3:03  Zergling x2  
  32  3:05  Overlord  
  33  3:12  Drone x2  
  35  3:13  Drone  
  35  3:15  Zergling x2  
  37  3:24  Zergling x10  
  42  3:29  Baneling  
  42  3:30  Baneling x2  
  42  3:35  Queen  
  44  3:42  Drone x2  
  44  3:44  Baneling  
  46  3:50  Drone x2  
  46  3:53  Drone  
  48  3:56  Drone x2  
  48  3:57  Drone x2  
  48  4:00  Extractor, Drone  
  52  4:04  Drone x2  
  52  4:09  Drone  
  55  4:11  Drone x2  
  55  4:15  Overlord  
  57  4:18  Extractor  
  57  4:23  Evolution Chamber  
  55  4:27  Drone  
  55  4:28  Drone x2  
  58  4:34  Overlord  
  58  4:36  Lair  
  58  4:38  Drone x4  
  62  4:51  Drone x4  
  66  4:55  Baneling x2  
  66  4:59  Drone x8  
  74  5:02  Zerg Missile Weapons Level 1  
  74  5:10  Roach Warren  
  73  5:16  Drone  
  73  5:17  Overlord x2  
  73  5:21  Overlord  
  73  5:27  Drone x2  
  73  5:28  Extractor  
  72  5:30  Extractor  
  71  5:36  Drone x2  
  71  5:37  Drone x2  
  71  5:40  Extractor  
  74  5:43  Drone  
  74  5:44  Drone x2  
  74  5:45  Overlord  
  74  5:49  Drone  
  78  5:51  Roach x6  
  78  5:52  Roach  
  78  5:53  Glial Reconstitution  
  78  5:55  Hatchery  
  78  5:56  Pneumatized Carapace  
  91  6:06  Drone  
  91  6:08  Drone x2  
  94  6:12  Roach  
  94  6:13  Roach x4  
  104  6:18  Overseer  
  104  6:20  Overlord x2  
  104  6:29  Spine Crawler  
  104  6:30  Spine Crawler, Overlord  
  104  6:32  Roach x2  
  106  6:37  Spine Crawler  
  115  6:40  Spine Crawler, Roach x3  
  115  6:41  Roach  
  114  6:49  Roach x3  
  115  6:56  Roach x3  
  109  7:03  Roach x3  
  109  7:07  Roach  
  109  7:08  Roach  
  108  7:14  Roach  
  99  7:19  Roach x2  
  88  7:28  Roach x2  
  76  7:31  Roach  
  76  7:32  Roach  
  76  7:36  Roach  
  73  7:39  Roach  
  73  7:42  Queen x2  
  65  7:44  Roach x6  
  65  7:50  Roach Warren  
  64  7:56  Roach  
  44  8:14  Drone x3  
  43  8:27  Drone x4  
Tags
 
Add a new tag
Caveats
  • Supply blocks, unpowered buildings, or Contaminate may cause inaccurate times.
  • Supply counts are checked every 10 seconds.